 Dungeon Crawl Stone Soup version 0.29-a0-330-g52719c12eb (webtiles) character file.

Game seed: 7171078775525090800

263417 Anon1729 the Swashbuckler (level 19, -7/155 HPs)
             Began as a Minotaur Monk on Apr 29, 2022.
             Was the Champion of Hepliaklqana.
             Mangled by a deep troll (14 damage)
             ... led by an ironbound preserver
             ... while paralysed by a great orb of eyes
             ... on level 2 of the Vaults on Apr 30, 2022.
             The game lasted 01:07:42 (42927 turns).

Anon1729 the Swashbuckler (Minotaur Monk)          Turns: 42927, Time: 01:07:43

Health: -7/155     AC: 17    Str: 17    XL:     19   Next: 25%
Magic:  30/30      EV:  2    Int: 17    God:    Hepliaklqana [******]
Gold:   791        SH:  0    Dex: 20    Spells: 18/18 levels left

rFire   . . .      SeeInvis +   f - +7 quick blade of the Breathing Madman {vamp, Int+5}
rCold   . . .      Faith    .   Z - orb {guile}
rNeg    . . .      Spirit   .   N - +0 swamp dragon scales
rPois   +          Reflect  .   p - +0 mask of the Dragon {Will+ Slay+3 SInv}
rElec   .          Harm     .   A - +0 cloak
rCorr   .          Rampage  .   r - +1 pair of gloves of Serendipity {Will+ Int+5}
Will    +....                   (no boots)
Stlth   ++........              X - amulet of regeneration
HPRegen 1.15/turn               k - +4 ring of slaying
MPRegen 0.22/turn               g - +4 ring of protection

@: confused, paralysed
A: reduced essence, horns 2, retaliatory headbutt
}: 2/15 runes: decaying, serpentine
a: Renounce Religion, Recall Ancestor, Ancestor Identity, Transference, Idealise


You were on level 2 of the Vaults.
You worshipped Hepliaklqana.
Hepliaklqana was exalted by your worship.
You visited 7 branches of the dungeon, and saw 34 of its levels.
You also visited: Ossuary, Bailey, Ice Cave and Volcano.

You collected 3207 gold pieces.
You spent 2416 gold pieces at shops.

Inventory:

Hand Weapons
 a - a +9 quick blade of venom
 b - the +7 hunting sling of the Sugar Beet {speed, Int+3}
   (You found it on level 15 of the Dungeon)

   Attacks with this weapon are significantly faster.
   Int:       It affects your intelligence (+3).
 f - the +7 quick blade of the Breathing Madman (weapon) {vamp, Int+5}
   (You bought it in a shop on level 15 of the Dungeon)

   It occasionally heals its wielder for a portion of the damage dealt when it
   wounds a living foe.
   Int:       It affects your intelligence (+5).
 O - the +5 falchion of Equivalence {vorpal, Drain rF+++ rC+++ Str-4}
   (You found it on level 8 of the Dungeon)

   It inflicts extra damage upon your enemies.
   Str:       It affects your strength (-4).
   rF:        It renders you almost immune to fire.
   rC:        It renders you almost immune to cold.
   Drain:     It drains your maximum health when unequipped.
Missiles
 s - 15 javelins (quivered)
 y - 6 throwing nets
Armour
 p - the +0 mask of the Dragon (worn) {Will+ Slay+3 SInv}
   (You bought it in a shop on level 15 of the Dungeon)

   Slay:      It affects your accuracy & damage with ranged weapons and melee
   (+3).
   SInv:      It lets you see invisible.
   Will:      It increases your willpower.
 r - the +1 pair of gloves of Serendipity (worn) {Will+ Int+5}
   (You found it on level 7 of the Dungeon)

   Int:       It affects your intelligence (+5).
   Will:      It increases your willpower.
 A - a +0 cloak (worn)
 E - the +7 ring mail of the Shining One's Envy {rCorr Str+2}
   (You found it on level 6 of the Lair of Beasts)

   Str:       It affects your strength (+2).
   rCorr:     It protects you from acid and corrosion.
 M - the +3 pair of gloves of Grace {Str+4 Int+4 Stlth-}
   (You found it on level 14 of the Dungeon)

   Str:       It affects your strength (+4).
   Int:       It affects your intelligence (+4).
   Stlth:     It makes you less stealthy.
 N - +0 swamp dragon scales (worn)
 W - the +2 pair of gloves of the Bard {+Blink rC+ SInv Stlth-}
   (You acquired it on level 2 of the Snake Pit)

   rC:        It protects you from cold.
   SInv:      It lets you see invisible.
   +Blink:    It lets you blink.
   Stlth:     It makes you less stealthy.
 Z - an orb of guile (worn)
Jewellery
 g - a +4 ring of protection (right hand)
 k - a +4 ring of slaying (left hand)
 v - the ring of Attitude {rN+ Will+}
   (You found it on level 4 of the Snake Pit)

   [ring of willpower]

   rN:        It protects you from negative energy.
   Will:      It increases your willpower.
 X - an amulet of regeneration (around neck)
 Y - a ring of protection from cold
Wands
 B - a wand of flame (51)
 D - a wand of digging (11)
 I - a wand of iceblast (15)
 P - a wand of acid (7)
Scrolls
 d - a scroll of blinking
 e - 7 scrolls of teleportation
 j - 8 scrolls of amnesia
 m - 10 scrolls of enchant armour
 n - 5 scrolls of magic mapping
 o - 6 scrolls of fog
 z - 8 scrolls of summoning
 C - 8 scrolls of vulnerability
 F - a scroll of holy word
 H - 8 scrolls of immolation
 K - 3 scrolls of silence
 R - 3 scrolls of fear
 V - 5 scrolls of enchant weapon
Potions
 c - 5 potions of ambrosia
 h - 5 potions of cancellation
 i - 13 potions of heal wounds
 l - 31 potions of curing
 q - 6 potions of might
 t - 7 potions of flight
 u - 13 potions of mutation
 w - 9 potions of magic
 x - 5 potions of resistance
 G - 8 potions of attraction
 L - 3 potions of lignification
 Q - 3 potions of berserk rage
 S - 8 potions of haste
 T - 6 potions of brilliance
 U - 5 potions of invisibility
Miscellaneous
 J - a lightning rod (4/4)


   Skills:
 + Level 16.3 Fighting
 * Level 18.9(19.3) Short Blades
 - Level 7.4(15.2) Long Blades
 + Level 7.9 Slings
 * Level 8.2 Armour
 + Level 15.1 Dodging
 * Level 13.4 Stealth
 + Level 17.9 Invocations


You had 18 spell levels left.
You didn't know any spells.
Your spell library contained the following spells:

 Spells                   Type           Power      Damage    Failure   Level
 Magic Dart               Conj           0%         1d3       36%         1
 Pain                     Necr           0%         1d4       36%         1
 Sandblast                Erth           0%         2d4       36%         1
 Slow                     Hex            0%         N/A       36%         1
 Passwall                 Tmut/Erth      0%         N/A       52%         2
 Scorch                   Fire           0%         2d5       52%         2
 Searing Ray              Conj           0%         2d4       52%         2
 Sublimation of Blood     Necr           0%         N/A       52%         2
 Confusing Touch          Hex            0%         N/A       75%         3
 Frozen Ramparts          Ice            0%         1d2       75%         3
 Gell's Gravitas          Tloc           0%         N/A       75%         3
 Lesser Beckoning         Tloc           0%         N/A       75%         3
 Portal Projectile        Hex/Tloc       0%         N/A       75%         3
 Stone Arrow              Conj/Erth      0%         3d7       75%         3
 Teleport Other           Tloc           0%         N/A       75%         3
 Vampiric Draining        Necr           0%         2d6       75%         3
 Airstrike                Air            0%         N/A       98%         4
 Animate Armour           Summ/Erth      0%         N/A       98%         4
 Flame Wave               Conj/Fire      0%         2d4       98%         4
 Fulminant Prism          Conj/Hex       0%         3d6       98%         4
 Ice Form                 Ice/Tmut       0%         N/A       98%         4
 Petrify                  Tmut/Erth      0%         N/A       98%         4
 Summon Ice Beast         Ice/Summ       0%         N/A       98%         4
 Summon Lightning Spire   Summ/Air       0%         N/A       98%         4
 Agony                    Necr           0%         N/A       100%        5
 Blade Hands              Tmut           0%         N/A       100%        5
 Excruciating Wounds      Necr           0%         N/A       100%        5
 Irradiate                Conj/Tmut      0%         3d13      100%        5
 Lightning Bolt           Conj/Air       0%         1d11      100%        5
 Summon Forest            Summ/Tloc      0%         N/A       100%        5
 Summon Mana Viper        Hex/Summ       0%         N/A       100%        5
 Eringya's Noxious Bog    Tmut/Pois      0%         N/A       100%        6
 Iron Shot                Conj/Erth      0%         9d1       100%        6
 Summon Cactus Giant      Summ           0%         N/A       100%        6
 Monstrous Menagerie      Summ           0%         N/A       100%        7
 Summon Hydra             Summ           0%         N/A       100%        7


Dungeon Overview and Level Annotations

Branches:
Dungeon (15/15)            Temple (1/1) D:4            Lair (6/6) D:9
  Swamp (4/4) Lair:3        Snake (4/4) Lair:3        Slime (0/5) Lair:6
    Orc (2/2) D:10            Elf (0/3) Orc:2        Vaults (2/5) D:13
  Crypt (0/3) Vaults:2     Depths (0/4) D:15        Ossuary (visited)
 Bailey (visited)           IceCv (visited)         Volcano (visited)

Altars:
Ashenzari
Fedhas
Hepliaklqana
Kikubaaqudgha
Trog
Xom
Yredelemnul
Beogh
Jiyva

Shops:
D:10 (   D:15 (*=   Orc:2 *(!!   Snake:1 ?[(*   Snake:2 [*?   Snake:3 [=::
Vaults:2 ?

Portals:
Trove: D:13 (give +5 demon whip)

Annotations:
D:7 2 transporters, Gruesome's ghost, novice FoHu
Lair:6 1 transporter, Wikar's ghost, journeyman OgTm


Innate Abilities, Weirdness & Mutations

Your life essence is reduced to manifest your ancestor. (-10% HP)
You have a pair of horns on your head.
You reflexively headbutt those who attack you in melee.


Message History

The great orb of eyes bites you but does no damage.
The deep troll bites you.
The deep troll claws you but does no damage.
The deep troll barely misses you. The deep troll bites you!
The deep troll claws you. The deep troll claws you! The deep troll bites you.
The deep troll claws you but does no damage.
The deep troll claws you!
The great orb of eyes bites you but does no damage.
The deep troll bites you but does no damage.
The deep troll claws you but does no damage. x2
The deep troll bites you.
The deep troll claws you but does no damage.
The deep troll barely misses you. The great orb of eyes bites you.
The deep troll bites you but does no damage.
The deep troll claws you.
The deep troll claws you but does no damage.
The great orb of eyes bites you!
The deep troll bites you but does no damage.
The deep troll claws you!
The deep troll claws you but does no damage.
The deep troll bites you!
* * * LOW HITPOINT WARNING * * *
The deep troll claws you but does no damage. x2
Artakama casts a spell.
The great orb of eyes easily resists.
The deep troll resists with almost no effort.
The deep troll easily resists.
The deep troll bites you!
* * * LOW HITPOINT WARNING * * *
The deep troll claws you but does no damage. x2
The great orb of eyes gazes at you.
You are confused.
The deep troll bites you but does no damage.
The deep troll claws you!
* * * LOW HITPOINT WARNING * * *
The deep troll claws you but does no damage.
The deep troll bites you!
* * * LOW HITPOINT WARNING * * *
The deep troll claws you!
You die...

#################
......+.........#
......#.........#####
......#.........#...
......#.........#T#.#.#.
......#........R@T......
......#.........#G#.#.#.
......'.........#...
......###########.#.#
......# ..... ......# .#
#.# ####### .. ... .# #.


You could see the friendly Artakama the hexer (fast), a great orb of eyes and 2
deep trolls.

Vanquished Creatures
  Jorgrun (D:13)
  Mlioglotl (Snake:3)
  Rupert (D:15)
  2 quicksilver dragons
  2 thorn hunters
  Kirke (D:14)
  9 nagarajas
  A vault warden (Vaults:1)
  A deep elf sorcerer (Vaults:1)
  6 ironbound preservers
  2 ironbound thunderhulks
  A ghoul (Swamp:2)
  An eleionoma (Swamp:3)
  3 dire elephants (Vaults:1)
  5 bunyips
  A deep elf death mage (Vaults:1)
  Josephine (D:15)
  An ettin (Vaults:1)
  3 fire dragons
  2 shambling mangroves (Swamp:4)
  A great orb of eyes (Vaults:2)
  Fannar (Lair:2)
  14 naga warriors
  2 yaktaur captains (Vaults:1)
  A vault guard (Vaults:1)
  An ice dragon (D:15)
  4 salamander tyrants
  28 hydras
  2 boulder beetles
  Harold (Orc:1)
  6 anacondas
  9 centaur warriors
  A catoblepas (D:8)
  2 ghost crabs
  2 ironbound frosthearts (Vaults:1)
  2 dancing weapons (D:13)
  15 alligators
  3 death yaks (Lair:5)
  2 tengu warriors
  4 two-headed ogres
  A spriggan berserker (Swamp:4)
  10 shock serpents
  Urug (Lair:2)
  4 orc high priests (Orc:2)
  Sonja (Lair:3)
  7 naga sharpshooters
  A salamander mystic (Snake:3)
  6 skeletal warriors
  17 deep trolls
  2 spriggan druids
  2 goliath frogs
  5 bog bodies
  5 ironbound convokers
  3 lindwurms
  14 swamp dragons
  12 harpies (Vaults:1)
  9 naga ritualists
  Pikel (D:8)
  7 orc knights (Orc:2)
  4 deep elf pyromancers
  3 cyclopes
  10 mana vipers
  A necromancer (Vaults:2)
  An oklob plant (Lair:2)
  2 spectral boulder beetles (D:12)
  2 orc sorcerers (Orc:1)
  5 ugly things
  3 will-o-the-wisps
  2 manticores
  3 spectral centaurs (D:12)
  3 centaur zombies (D:12)
  17 salamanders
  15 naga magi
  Maurice (Orc:1)
  11 elephants
  30 black mambas
  Joseph (D:7)
  2 vault sentinels (Vaults:1)
  2 gargoyles (D:13)
  10 guardian serpents
  2 unseen horrors
  3 centaur skeletons (D:12)
  10 cane toads
  A torpor snail (Lair:4)
  A rime drake (Lair:6)
  A komodo dragon (shapeshifter) (D:14)
  3 kobold demonologists
  14 komodo dragons
  2 tengu conjurers (D:15)
  6 yaktaurs
  10 trolls
  3 burning bushes (Lair:4)
  2 polar bears
  6 tyrant leeches
  A polar bear (shapeshifter) (D:13)
  9 slime creatures
  11 hornets
  22 blink frogs
  18 dream sheep
  2 spectral black mambas (D:12)
  11 flying skulls
  Sigmund (D:2)
  5 shadows
  13 spriggans
  A centaur simulacrum (D:12)
  A vampire (D:12)
  54 yaks
  7 wyverns
  4 hogs (D:14)
  3 basilisks
  8 fire bats (Volcano)
  11 wraiths
  11 vampire mosquitoes
  8 wargs
  6 acid dragons
  2 hexers (Swamp:4)
  7 steam dragons
  26 nagas
  14 swamp worms
  17 water moccasins
  2 hell hounds (D:12)
  28 orc warriors
  13 swamp drakes
  A boulder beetle simulacrum (D:12)
  2 sky beasts
  14 ogres
  10 wolves
  2 boggarts (D:14)
  8 centaurs
  2 phantoms (D:4)
  2 lemures (D:8)
  8 bullfrogs
  4 necrophages
  A kobold brigand (D:10)
  4 gnoll sergeants
  A scorpion (D:5)
  4 water moccasin zombies (Ossuary)
  A wight (D:8)
  6 killer bees (D:9)
  2 electric eels
  2 vampire bats (D:5)
  6 howler monkeys
  4 hounds
  A jelly (D:6)
  22 orc priests
  2 gnoll shamans
  Jessica (D:2)
  Ijyb (D:5)
  10 orc wizards
  11 iguanas
  9 hell rats
  2 mummies (Ossuary)
  27 gnolls
  7 adders
  4 white imps (D:8)
  4 adder zombies (Ossuary)
  2 worms (D:2)
  2 dart slugs
  83 orcs
  7 bats
  2 bat skeletons (D:5)
  A bat zombie (D:5)
  11 endoplasms
  5 giant cockroaches
  3 gnoll zombies (Ossuary)
  20 goblins
  6 hobgoblins
  9 kobolds
  4 quokkas
  5 ball pythons
  3 frilled lizards (D:1)
  A hobgoblin zombie (Ossuary)
  2 kobold zombies (Ossuary)
  3 orc zombies (Ossuary)
  2 rats (D:2)
  2 bushes (Lair:2)
  A butterfly (Lair:1)
1121 creatures vanquished.

Vanquished Creatures (collateral kills)
  2 nagarajas
  An eleionoma (Swamp:2)
  4 naga warriors
  2 centaur warriors (D:8)
  A two-headed ogre (D:9)
  2 alligators
  An orc high priest (Orc:2)
  A naga sharpshooter (Snake:2)
  A spriggan druid (Swamp:3)
  2 deep trolls
  An ugly thing (D:15)
  An ironbound convoker (Vaults:2)
  A will-o-the-wisp (Swamp:3)
  2 mana vipers (Snake:3)
  2 salamanders
  2 black mambas
  A torpor snail (Lair:5)
  A naga mage (Snake:3)
  An unseen horror (D:8)
  A yaktaur (D:10)
  A troll (D:8)
  2 hornets
  2 spriggans
  A basilisk (Lair:6)
  A yak (Lair:6)
  A basilisk (shapeshifter) (D:14)
  A steam dragon (Lair:6)
  A naga (Snake:4)
  A harpy simulacrum (IceCv)
  A water moccasin (Lair:6)
  2 swamp worms (Swamp:2)
  3 orc warriors
  2 swamp drakes (Swamp:4)
  2 sky beasts
  A bullfrog (D:6)
  A howler monkey (D:5)
  A jelly (D:4)
  A gnoll shaman (D:4)
  2 orc priests
  Crazy Yiuf (D:4)
  An orc wizard (D:2)
  Robin (D:2)
  3 gnolls
  2 adders
  5 orcs
  A bat skeleton (D:5)
  A giant cockroach (D:2)
  5 goblins
  A hobgoblin (D:4)
  A gnoll zombie (Ossuary)
  A kobold (D:10)
  A kobold zombie (Ossuary)
  A plant (Volcano)
82 creatures vanquished.

Vanquished Creatures (others)
  A bloated husk (Swamp:2)
  A naga (Snake:4)
  A boggart (D:14)
  35 hexers
  2 bushes (Snake:3)
  8 foxfires
  14 fungi
  87 plants
  10 toadstools (Lair:2)
159 creatures vanquished.

Grand Total: 1362 creatures vanquished

Notes
Turn   | Place    | Note
-------+----------+-------------------------------------------
     0 | D:1      | Anon1729 the Minotaur Monk began the quest for the Orb.
     0 | D:1      | Reached XP level 1. HP: 19/19 MP: 0/0
   248 | D:1      | Reached XP level 2. HP: 26/27 MP: 1/1
   958 | D:2      | Found a hazy altar of Hepliaklqana.
   985 | D:2      | Reached XP level 3. HP: 23/33 MP: 2/2
   992 | D:2      | Became a worshipper of Hepliaklqana the Forgotten
   992 | D:2      | Reached * piety under Hepliaklqana
   992 | D:2      | Reached ** piety under Hepliaklqana
   993 | D:2      | Remembered your ancestor Artakama as a hexer
  1002 | D:2      | Noticed Robin
  1009 | D:2      | Killed Robin
  1287 | D:2      | Noticed Jessica
  1295 | D:2      | Killed Jessica
  1296 | D:2      | Reached XP level 4. HP: 36/36 MP: 3/3
  1407 | D:2      | Noticed Sigmund
  1427 | D:2      | Killed Sigmund
  1428 | D:2      | Reached skill level 5 in Fighting
  1428 | D:2      | Reached skill level 5 in Long Blades
  1428 | D:2      | Reached XP level 5. HP: 39/43 MP: 4/4
  1540 | D:2      | Reached XP level 6. HP: 50/50 MP: 5/5
  1734 | D:2      | Reached skill level 1 in Invocations
  2321 | D:4      | Reached skill level 5 in Dodging
  2499 | D:4      | Reached XP level 7. HP: 52/54 MP: 7/7
  2878 | D:4      | Found a staircase to the Ecumenical Temple.
  3115 | D:4      | Reached *** piety under Hepliaklqana
  3142 | D:4      | Found a runed translucent door.
  3143 | D:4      | Noticed Crazy Yiuf
  3300 | Temple   | Entered the Ecumenical Temple
  3663 | D:4      | Killed Crazy Yiuf
  3711 | D:5      | Entered Level 5 of the Dungeon
  3723 | D:5      | Noticed Ijyb
  3732 | D:5      | Killed Ijyb
  3741 | D:5      | Reached XP level 8. HP: 53/63 MP: 9/9
  4442 | D:5      | Found an ancient bone altar of Kikubaaqudgha.
  4448 | D:5      | Reached skill level 5 in Invocations
  5416 | D:6      | Reached **** piety under Hepliaklqana
  5934 | D:6      | Reached XP level 9. HP: 53/71 MP: 12/12
  6146 | D:7      | Noticed Joseph
  6155 | D:7      | Killed Joseph
  6156 | D:7      | Reached skill level 5 in Stealth
  6266 | D:7      | Found a transporter.
  6266 | D:7      | Identified the +8 great mace "Irinwaza" {distort, rN++}
  6266 | D:7      | Noticed a two-headed ogre
  6269 | D:7      | Noticed Gruesome's ghost (novice FoHu)
  6302 | D:7      | Found a transporter.
  6367 | D:7      | Found a sand-covered staircase.
  6435 | Ossuary  | Entered an ossuary
  6690 | D:7      | Identified the +1 pair of gloves of Serendipity {Will+
                  | Int+5}
  6963 | D:7      | Reached skill level 1 in Short Blades
  7334 | D:8      | Reached skill level 2 in Short Blades
  7334 | D:8      | Noticed Pikel
  7355 | D:8      | Killed Pikel
  7356 | D:8      | Reached skill level 3 in Short Blades
  7365 | D:8      | Noticed a troll
  7586 | D:8      | Noticed a catoblepas
  7936 | D:8      | Identified the +5 falchion of Equivalence {vorpal, Drain
                  | rF+++ rC+++ Str-4}
  8092 | D:8      | Killed an unseen horror
  8093 | D:8      | Reached skill level 4 in Short Blades
  8093 | D:8      | Reached XP level 10. HP: 75/79 MP: 14/14
  8269 | D:8      | Noticed a centaur warrior
  8286 | D:8      | Killed a catoblepas
  8291 | D:8      | Killed a centaur warrior
  8292 | D:8      | Reached skill level 5 in Short Blades
  8546 | D:8      | Reached ***** piety under Hepliaklqana
  8768 | D:8      | Noticed a centaur warrior
  8784 | D:8      | Killed a centaur warrior
  9214 | D:9      | Reached skill level 6 in Short Blades
  9745 | D:9      | Found a staircase to the Lair.
  9948 | D:10     | Entered Level 10 of the Dungeon
  9948 | D:10     | Noticed a two-headed ogre
  9948 | D:10     | Found Aroici's Weapon Emporium.
  9968 | D:9      | Killed a two-headed ogre
  9969 | D:9      | Reached XP level 11. HP: 36/87 MP: 16/16
 10401 | D:10     | Found a flagged portal.
 10415 | Bailey   | Entered a bailey
 11243 | D:10     | Found a staircase to the Orcish Mines.
 11289 | D:10     | Reached skill level 7 in Short Blades
 12938 | D:11     | Reached skill level 8 in Short Blades
 13435 | D:12     | Reached ****** piety under Hepliaklqana
 13478 | D:12     | Reached skill level 10 in Invocations
 13794 | D:12     | Reached skill level 10 in Fighting
 13824 | D:12     | Reached XP level 12. HP: 67/95 MP: 18/18
 13951 | D:12     | Reached skill level 9 in Short Blades
 13968 | D:12     | You fall into a shaft and drop 3 floors!
 13968 | D:15     | Entered Level 15 of the Dungeon
 13989 | D:15     | Noticed Rupert
 14077 | D:15     | Noticed a six-headed hydra
 14081 | D:15     | Noticed a centaur warrior
 14091 | D:15     | Killed a six-headed hydra
 14119 | D:15     | Killed a centaur warrior
 14368 | D:14     | Noticed Kirke
 14412 | D:14     | Killed Kirke
 14532 | D:14     | Found a broken altar of Ashenzari.
 14564 | D:14     | Noticed Jorgrun
 14566 | D:14     | Noticed a tengu warrior
 14588 | D:13     | Killed a tengu warrior
 14828 | D:13     | Noticed a boulder beetle
 14844 | D:13     | Killed a boulder beetle
 14845 | D:13     | Reached skill level 10 in Short Blades
 14884 | D:13     | Reached skill level 10 in Dodging
 15165 | D:13     | Found a gate to the Vaults.
 15348 | D:13     | Noticed a five-headed hydra
 15349 | D:13     | Found a portal to a secret trove of treasure.
 15355 | D:13     | Killed a five-headed hydra
 15845 | D:13     | Reached XP level 13. HP: 104/104 MP: 20/20
 16304 | D:13     | Reached skill level 11 in Short Blades
 17537 | D:12     | Found a basalt altar of Yredelemnul.
 18212 | D:13     | Killed Jorgrun
 18213 | D:13     | Reached skill level 12 in Short Blades
 19057 | D:14     | Identified the +3 pair of gloves of Grace {Str+4 Int+4
                  | Stlth-}
 19110 | D:15     | Found Leluame's Assorted Antiques.
 19112 | D:15     | Identified the +7 hunting sling of the Sugar Beet {speed,
                  | Int+3}
 19124 | D:15     | Bought an inky potion for 18 gold pieces
 19124 | D:15     | Bought a potion of curing for 60 gold pieces
 19124 | D:15     | Bought a potion of attraction for 60 gold pieces
 19124 | D:15     | Bought the +0 mask of the Dragon {Will+ Slay+3 SInv} for
                  | 668 gold pieces
 19124 | D:15     | Found the +0 mask of the Dragon {Will+ Slay+3 SInv}
 19158 | D:15     | Killed Rupert
 19311 | D:15     | Found Lagiyhes's Antique Weapon Shoppe.
 19426 | D:15     | Noticed a fire dragon
 19428 | D:15     | Noticed Josephine
 19496 | D:15     | Killed Josephine
 19507 | D:15     | Reached XP level 14. HP: 112/113 MP: 22/22
 19515 | D:15     | Found a staircase to the Depths.
 19653 | D:15     | Found Egisilim's Jewellery Emporium.
 20122 | Lair:1   | Entered Level 1 of the Lair of Beasts
 20778 | Lair:2   | Reached skill level 13 in Short Blades
 20784 | Lair:2   | Noticed Fannar
 20801 | Lair:2   | Killed Fannar
 21166 | Lair:2   | Noticed Urug
 21179 | Lair:2   | Killed Urug
 21397 | Lair:2   | Found a blossoming altar of Fedhas.
 21848 | Lair:3   | Found a staircase to the Snake Pit.
 21944 | Lair:3   | Found a staircase to the Swamp.
 22306 | Lair:3   | Noticed Sonja
 22315 | Lair:3   | Killed Sonja
 23467 | Lair:5   | Reached skill level 14 in Short Blades
 23781 | Lair:5   | Reached skill level 10 in Stealth
 23789 | Lair:5   | Reached XP level 15. HP: 121/122 MP: 24/24
 24347 | Lair:6   | Entered Level 6 of the Lair of Beasts
 24713 | Lair:6   | Found a transporter.
 24760 | Lair:6   | Found a transporter.
 24869 | Lair:6   | Found a bloodstained altar of Trog.
 24877 | Lair:6   | Noticed Wikar's ghost (journeyman OgTm)
 25021 | Lair:6   | Identified the +7 ring mail of the Shining One's Envy
                  | {rCorr Str+2}
 25083 | Lair:6   | Found a viscous altar of Jiyva.
 25083 | Lair:6   | Found a staircase to the Slime Pits.
 25679 | Lair:6   | Reached skill level 15 in Invocations
 26324 | Orc:1    | Entered Level 1 of the Orcish Mines
 26342 | Orc:1    | Noticed Maurice
 26352 | Orc:1    | Killed Maurice
 26385 | Orc:1    | Reached skill level 15 in Short Blades
 26718 | Orc:1    | Noticed Harold
 26728 | Orc:1    | Killed Harold
 26820 | Orc:2    | Entered Level 2 of the Orcish Mines
 27061 | Orc:2    | Found a staircase to the Elven Halls.
 27267 | Orc:2    | Found a dark tunnel.
 27276 | Volcano  | Entered a volcano
 28298 | Orc:2    | Reached XP level 16. HP: 130/131 MP: 26/26
 28519 | Orc:2    | Found Gumierimp's Distillery.
 28519 | Orc:2    | Found Rechit's Distillery.
 28520 | Orc:2    | Found Luecihom's Antique Weapon Shop.
 28520 | Orc:2    | Found Refibisi's General Store.
 28527 | Orc:2    | Bought a potion of brilliance for 56 gold pieces
 28527 | Orc:2    | Bought a potion of haste for 140 gold pieces
 28527 | Orc:2    | Bought a potion of mutation for 112 gold pieces
 28527 | Orc:2    | Bought a potion of curing for 42 gold pieces
 28527 | Orc:2    | Bought 2 potions of curing for 84 gold pieces
 28527 | Orc:2    | Bought a potion of curing for 42 gold pieces
 28533 | Orc:2    | Bought a potion of berserk rage for 80 gold pieces
 28533 | Orc:2    | Bought a potion of cancellation for 128 gold pieces
 28533 | Orc:2    | Bought a potion of lignification for 48 gold pieces
 28534 | Orc:2    | Bought a potion of heal wounds for 80 gold pieces
 28534 | Orc:2    | Bought a scroll of enchant armour for 120 gold pieces
 28908 | D:15     | Bought a warped quick blade for 440 gold pieces
 28908 | D:15     | Identified the +7 quick blade of the Breathing Madman
                  | {vamp, Int+5} (You bought it in a shop on level 15 of the
                  | Dungeon)
 29215 | Snake:1  | Entered Level 1 of the Snake Pit
 29377 | Snake:1  | Found Zeikkoj's General Store.
 29377 | Snake:1  | Found Untothroc's Magic Scroll Shop.
 29379 | Snake:1  | Found Otomel's Weapon Boutique.
 29380 | Snake:1  | Found Ynatz's Antique Armour Shop.
 29489 | Snake:1  | Bought a slimy leather armour for 238 gold pieces
 29489 | Snake:1  | Identified the +3 leather armour "Veybbeul" {Harm} (You
                  | bought it in a shop on level 1 of the Snake Pit)
 29675 | Snake:1  | Reached skill level 1 in Slings
 30512 | Snake:2  | Found Istuxyi's Magic Scroll Boutique.
 30527 | Snake:2  | Found Gekhlor's Assorted Antiques.
 30529 | Snake:2  | Found Vipiut's Armour Boutique.
 30815 | Snake:2  | Identified a scroll of acquirement
 30908 | Snake:2  | Acquired the +2 pair of gloves of the Bard {+Blink rC+ SInv
                  | Stlth-}
 30942 | Snake:2  | Reached skill level 16 in Short Blades
 31850 | Snake:3  | Found a basalt altar of Yredelemnul.
 32233 | Snake:3  | Found Giowach's Book Emporium.
 32234 | Snake:3  | Found Icecruwe's Jewellery Shop.
 32235 | Snake:3  | Found Ustestat's Book Emporium.
 32559 | Snake:3  | Noticed Mlioglotl
 32576 | Snake:3  | Killed Mlioglotl
 33048 | Snake:3  | Found Inturay's Armour Emporium.
 33635 | Snake:3  | Reached XP level 17. HP: 58/138 MP: 28/28
 33915 | Snake:4  | Entered Level 4 of the Snake Pit
 33975 | Snake:4  | Reached skill level 15 in Fighting
 34111 | Snake:4  | Reached skill level 17 in Short Blades
 34202 | Snake:4  | Identified the ring of Attitude {rN+ Will+}
 34950 | Snake:4  | Reached skill level 5 in Slings
 35417 | Snake:4  | Noticed a quicksilver dragon
 35418 | Snake:4  | Noticed a quicksilver dragon
 36154 | Snake:4  | Killed a quicksilver dragon
 36458 | Snake:3  | Killed a quicksilver dragon
 36673 | Snake:4  | Got a serpentine rune of Zot
 36796 | Snake:4  | Identified the +5 chain mail of the Tarantula {rPois}
 36980 | Swamp:1  | Entered Level 1 of the Swamp
 37079 | Swamp:1  | Reached skill level 1 in Armour
 37956 | Swamp:2  | Found a frozen archway.
 37970 | IceCv    | Entered an ice cave
 37980 | IceCv    | Found a transporter.
 38784 | Swamp:2  | Reached XP level 18. HP: 131/146 MP: 29/29
 39206 | Swamp:3  | Found a shimmering altar of Xom.
 39259 | Swamp:3  | Reached skill level 18 in Short Blades
 39678 | Swamp:4  | Entered Level 4 of the Swamp
 39912 | Swamp:4  | Reached skill level 5 in Armour
 40067 | Swamp:4  | Got a decaying rune of Zot
 41052 | Vaults:1 | Entered Level 1 of the Vaults
 41939 | Vaults:1 | Reached skill level 15 in Dodging
 41939 | Vaults:1 | Reached XP level 19. HP: 93/154 MP: 30/30
 42431 | Vaults:1 | Identified the +7 broad axe "Posot" {vorpal, Str+8 Int-3}
 42615 | Vaults:2 | Found a staircase to the Crypt.
 42615 | Vaults:2 | Found a basalt altar of Yredelemnul.
 42615 | Vaults:2 | Found an ancient bone altar of Kikubaaqudgha.
 42835 | Vaults:2 | Found Toapt's Magic Scroll Boutique.
 42920 | Vaults:2 | Paralysed by a great orb of eyes for 7 turns
 42927 | Vaults:2 | HP: 7/155 [deep troll[an ironbound preserver] (11)]
 42927 | Vaults:2 | Mangled by a deep troll

Illustrated notes

Levels and vault maps discovered:
D:1:      dpeg_arrival_pond, layout_basic
D:2:      layout_rooms, basic_altar, uniq_jessica, uniq_robin, uniq_sigmund
D:3:      layout_rooms, feat_on_display
D:4:      layout_loops_ring, minmay_temple_entry_large_hall, minivault_14,
          minmay_cut_off, uniq_crazy_yiuf_cottage
D:5:      layout_basic, kennysheep_vampire_church, uniq_ijyb
D:6:      layout_basic, nrook_pool_corridor, nicolae_figureground_pulse
D:7:      layout_gridville, gammafunk_ghost_smash, nicolae_ossuary_entry_plus,
          uniq_joseph
D:8:      layout_cave_pods, minmay_shattered_shrine, uniq_pikel
D:9:      layout_rooms, dpeg_oklobed_lair, serial_park_tiny_1
D:10:     layout_layer_cave, david_orc_5, serial_shops, shop, enter_bailey_3,
          minmay_checkerbox
D:11:     layout_loops_ring
D:12:     lemuel_vampire_tower, layout_basic
D:13:     layout_cave_pods, erik_vaults_1, nicolae_trove_entry_crossroad,
          st_stairs_7
D:14:     layout_basic, cheibrodos_ashenzari_chains, uniq_kirke, uniq_jorgrun
D:15:     grunt_enter_depths_hoard, layout_rooms, serial_shops,
          nicolae_shop_overgrown_old_shop, nicolae_square_shop,
          nicolae_shop_temple_entry_statues_fountains, grunt_decor_arrowhead,
          solitary_fountain, uniq_rupert, uniq_josephine
Temple:   mainiacjoe_temple_hex_bubbles
Lair:1:   layout_hall_layers, serial_bayou_pond_e, infiniplex_staircase_pool_2,
          lemuel_fruit_fields
Lair:2:   layout_regular_city, minmay_hedge_maze, tgw_fedhas, uniq_urug,
          uniq_fannar
Lair:3:   layout_gridlike, palyth_hydra_swamp_entry, dummy_snake_entry,
          uniq_sonja
Lair:4:   layout_roguey, evilmike_ambush [evilmike_ambush_outer_corners,
          evilmike_ambush_inner_pond]
Lair:5:   layout_cave_pods
Lair:6:   guppyfry_lair_end_dragon, layout_cave_pods,
          dpeg_slime_entry_enclosed_altar, gammafunk_ghost_wrathful_warriors,
          serial_bayou_shore_a, grunt_megastairs_4
Swamp:1:  layout_basic_swamp, nicolae_swamp_bean_lake
Swamp:2:  layout_basic_swamp, portal_ice_cave_entry_pillars_1,
          serial_swamp_ruin, evilmike_swamp_ruin_house_5,
          evilmike_swamp_ruin_house_2, evilmike_swamp_ruin_house_3,
          infiniplex_staircase_pool
Swamp:3:  layout_basic_swamp, nicolae_swamp_godswood
Swamp:4:  swamp_basic_johnstein, layout_basic_swamp, swamp_pool5,
          nicolae_swamp_round_clearing
Snake:1:  layout_layer_cave, minmay_shoptagon, lemuel_fruit_tree
Snake:2:  layout_cave_pods, grunt_megastairs_5, minmay_shop_star,
          serial_bayou_shore_b
Snake:3:  nicolae_cobra_stairs, layout_layer_cave, basic_altar, special_room,
          serial_shops, nicolae_shop_competitors_out_of_business,
          nicolae_snake_salamander_jacuzzi, minmay_shop_grove, uniq_mlioglotl
Snake:4:  hellmonk_snake_rune_quicksilver_temple, layout_concentric_octagons
Orc:1:    layout_caves, mines1_david, uniq_harold, uniq_maurice
Orc:2:    st_orc_pillars, layout_diamond_mine, nicolae_volcano_entry_vermiform
Vaults:1: nicolae_vaults_ring_of_whatevers, nicolae_vaults_little_squares_3,
          v_alt_pattern_2, v_misc_15, v_rooms_5, vaults_dpeg_spiral,
          vaults_mumra_lcd, v_misc_2, v_alt_pattern_6, v_rooms_3,
          vaults_dpeg_encased_lava, vaults_room_stairs_pillars, v_misc_29,
          layout_vaults_ring
Vaults:2: ontoclasm_vaults_ring_small, v_misc_26, vaults_room_stairs_pillars,
          nicolae_vaults_little_squares_5, minmay_crypt_entry_necro_gods,
          nicolae_vaults_back_hallway, vaults_room_mumra_shop_pool,
          v_alt_pattern_1, serial_ice_m, ontoclasm_vaults_misaligned,
          v_alt_pattern_4, nicolae_vaults_diagonal_hallway_6,
          ontoclasm_vaults_twist, layout_vaults_omnibox

Skill      XL: |  1  2  3  4  5  6  7  8  9 10 11 12 13 14 15 16 17 18 19 |
---------------+----------------------------------------------------------+-----
Stealth        | 2 3 4 5 6 7 8 9 10 11 12 13 | 13.4
Long Blades    | 4 5 6 7 |  7.4
Fighting       | 4 5 6 7 8 9 10 11 12 13 14 15 16 | 16.3
Dodging        | 4 5 6 7 8 9 10 11 12 13 14 15 | 15.1
Invocations    | 2 3 5 7 9 10 11 13 14 15 16 17 | 17.9
Short Blades   | 4 6 8 10 12 14 15 16 17 18 | 18.9
Slings         | 4 6 7 |  7.9
Armour         | 3 7 8 |  8.2

Action                   |  1- 3 |  4- 6 |  7- 9 | 10-12 | 13-15 | 16-18 | 19-21 || total
-------------------------+-------+-------+-------+-------+-------+-------+-------++-------
Melee: Falchion          |    50 |    74 |   167 |       |       |       |       ||   291
       Headbutt          |    10 |    11 |    70 |   165 |   391 |   559 |    71 ||  1277
       Punch             |       |     1 |     1 |     9 |    24 |       |       ||    35
       Quick blade       |       |       |    73 |   607 |  1398 |  1735 |   167 ||  3980
Throw: Javelin           |       |       |       |       |     2 |       |       ||     2
Invok: Ancestor Life: He |     1 |       |       |       |       |       |       ||     1
       Recall Ancestor   |       |     1 |     2 |     2 |     1 |     5 |       ||    11
       Idealise          |       |       |       |       |     2 |     3 |       ||     5
       Ancestor Identity |       |       |       |       |     1 |       |       ||     1
       Transference      |       |       |       |       |       |     3 |       ||     3
 Abil: Evoke Blink       |       |       |       |       |       |     1 |       ||     1
Evoke: Wand              |       |       |     3 |       |       |     3 |       ||     6
  Use: Scroll            |       |     1 |    16 |    12 |    12 |    13 |       ||    54
       Potion            |       |       |       |       |     3 |     6 |       ||     9
 Stab: Sleeping          |     3 |     6 |    13 |    10 |    29 |    34 |       ||    95
       Distracted        |       |     1 |     2 |     2 |    18 |    28 |     1 ||    52
       Confused          |       |     1 |     4 |     6 |    12 |    12 |     6 ||    41
       Paralysed         |       |       |       |       |    18 |    34 |     5 ||    57
Armor: Robe              |    11 |    12 |    28 |       |       |       |       ||    51
       Acid dragon scale |       |       |    13 |   162 |   181 |    65 |       ||   421
       Ring mail         |       |       |       |       |       |    26 |       ||    26
       Swamp dragon scal |       |       |       |       |       |   144 |    46 ||   190
Dodge: Dodged            |    35 |    50 |   126 |   275 |   501 |   901 |    61 ||  1949

Table legend: (Time is in decaauts)
 A = Elapsed time spent in this place.
 B = Non-inter-level travel time spent in this place.
 C = Inter-level travel time spent in this place.
 D = Time resting spent in this place.
 E = Time spent auto-exploring this place.
 F = Levels seen in this place.
 G = Mean time per level.
                   A        B        C        D        E       F      G
               +--------+--------+--------+--------+--------+-----+--------+
         Total |  40769 |  37195 |   3574 |   4707 |  25909 |  38 | 1072.9 |
       Dungeon |  18937 |  17629 |   1308 |   2237 |  12989 |  15 | 1262.5 |
        Temple |    165 |    165 |      0 |    164 |      0 |   1 |  165.0 |
          Lair |   6296 |   5446 |    850 |    490 |   4081 |   6 | 1049.3 |
         Swamp |   3382 |   3114 |    268 |    223 |   2085 |   4 |  845.5 |
     Snake Pit |   7296 |   6310 |    986 |    971 |   4021 |   4 | 1824.0 |
  Orcish Mines |   1614 |   1558 |     56 |     84 |   1007 |   2 |  807.0 |
        Vaults |   1615 |   1510 |    105 |     57 |   1139 |   2 |  807.5 |
       Ossuary |    230 |    230 |      0 |      0 |    140 |   1 |  230.0 |
        Bailey |    729 |    729 |      0 |    431 |    137 |   1 |  729.0 |
      Ice Cave |     10 |     10 |      0 |      0 |      0 |   1 |   10.0 |
       Volcano |    489 |    489 |      0 |     49 |    310 |   1 |  489.0 |
               +--------+--------+--------+--------+--------+-----+--------+

Top non-repeatable levels by time:
 Snake:3: 3173 daAuts
    D:13: 2111 daAuts
    D:12: 1711 daAuts
     D:8: 1670 daAuts
  Lair:6: 1657 daAuts
    D:11: 1595 daAuts
 Snake:1: 1523 daAuts
    D:10: 1498 daAuts
 Snake:4: 1381 daAuts
     D:6: 1303 daAuts
Vaults:1: 1220 daAuts
 Snake:2: 1218 daAuts
     D:4: 1179 daAuts
    D:14: 1171 daAuts
  Lair:3: 1153 daAuts
